 Dungeon Crawl Stone Soup version 0.27-a0-12-g5dcdf963e0 (webtiles) character file.

Game seed: 12253329369057511361

4552 Conn the Arsonist (level 10, -12/58 (60) HPs)
             Began as an Octopode Fire Elementalist on Jan 2, 2021.
             Was a Follower of Sif Muna.
             Mangled by Harold
             ... wielding a +3 halberd of protection
              (16 damage)
             ... on level 9 of the Dungeon.
             The game lasted 00:34:23 (12012 turns).

Conn the Arsonist (Octopode Fire Elementalist)     Turns: 12012, Time: 00:34:23

HP:   -12/58 (60)   AC:  1    Str:  7    XL:     10   Next: 40%
MP:   8/19          EV: 15    Int: 21    God:    Sif Muna [*.....]
Gold: 504           SH:  0    Dex: 13    Spells: 11/22 levels left

rFire    + + .     SeeInvis .   b - staff of conjuration
rCold    . . .     Faith    .   (no shield)
rNeg     . . .     Spirit   .   (helmet restricted)
rPois    +         Reflect  .   (no amulet)
rElec    .         Harm     .   j - ring of poison resistance
rCorr    .         Rampage  .   p - ring of protection from fire
Will     .....     Rnd*Tele +   A - ring of protection from fire
Stlth    ++++......             (no ring)
HPRegen  0.19/turn              (no ring)
MPRegen  0.16/turn              (no ring)
                                (no ring)
                                (no ring)

@: lightly drained
A: almost no armour, stealthy swim, amphibious, 8 rings, constrict 8, camouflage
1, blurry vision 1, mutation resistance 1, teleportitis 1, gelatinous body 1
a: Renounce Religion, Channel Magic


You were on level 9 of the Dungeon.
You worshipped Sif Muna.
Sif Muna was aware of your devotion.
You visited 1 branch of the dungeon, and saw 9 of its levels.

You collected 504 gold pieces.

Inventory:

Hand Weapons
 a - the +1 mace of Floods {protect, Int+5}
   (You found it on level 6 of the Dungeon)

   It grants its wielder temporary protection when it strikes (+7 to AC).
   It affects your intelligence (+5).
 f - a +0 short sword
 i - a +2 hand axe of draining
Missiles
 h - 59 poisoned darts (quivered)
 C - 5 silver javelins
Magical Staves
 b - an uncursed staff of conjuration (weapon)
Jewellery
 j - a ring of poison resistance (left tentacle)
 p - a ring of protection from fire (right tentacle)
 A - a ring of protection from fire (on tentacle)
 I - an uncursed amulet of reflection {unknown}
Wands
 g - a wand of random effects (21)
 l - a wand of paralysis (10)
 v - a wand of digging (6)
 B - a wand of disintegration (15)
 E - a wand of polymorph (3)
 H - a wand of flame (10)
Scrolls
 d - 4 scrolls of remove curse
 k - a scroll of blinking {unknown}
 m - a scroll of magic mapping {unknown}
 o - a scroll of amnesia {unknown}
 q - a scroll of immolation {unknown}
 w - a scroll of noise {unknown}
 x - 8 scrolls of teleportation
 y - 11 scrolls of identify
 D - 3 scrolls of enchant armour {unknown}
 G - a scroll of acquirement {unknown}
 J - a scroll of vulnerability {unknown}
 K - a scroll of fog {unknown}
Potions
 c - 2 potions of haste
 e - 2 potions of curing
 n - 2 potions of brilliance
 r - 2 potions of flight
 s - a potion of resistance {unknown}
 t - a potion of lignification {unknown}
 u - 3 potions of ambrosia
 z - a potion of cancellation {unknown}
 F - a potion of berserk rage {unknown}


   Skills:
 + Level 2.1 Fighting
 + Level 0.5 Short Blades
 + Level 2.1 Axes
 + Level 1.5 Staves
 + Level 1.3 Throwing
 + Level 3.9 Dodging
 + Level 6.0 Stealth
 + Level 6.5 Spellcasting
 * Level 8.0 Conjurations
 + Level 0.5 Hexes
 * Level 8.7 Fire Magic
 + Level 0.2 Evocations


You had 11 spell levels left.
You knew the following spells:

 Your Spells              Type           Power        Failure   Level
a - Foxfire               Conj/Fire      100%         1%          1
b - Conjure Flame         Conj/Fire      58%          1%          3
c - Inner Flame           Hex/Fire       26%          4%          3
d - Sticky Flame          Conj/Fire      58%          3%          4

Your spell library contained the following spells:

 Spells                   Type           Power        Failure   Level
 Fireball                 Conj/Fire      29%          9%          5


Dungeon Overview and Level Annotations

Branches:
Dungeon (9/15)             Temple (0/1) D:5
   Lair: D:8-11         Orc: D:9-12

Altars:
Ashenzari
Cheibriados
Gozag
Kikubaaqudgha
Okawaru
Sif Muna
Trog
Wu Jian
Xom
Yredelemnul
Zin

Shops:
D:4 (

Annotations:
D:9 2 transporters, Harold


Innate Abilities, Weirdness & Mutations

You cannot wear most types of armour.
You are very stealthy in the water. (Stealth+)
You are amphibious.
You can wear up to eight rings at the same time.
You can use your tentacles to constrict eight enemies at once.
Your skin changes colour to match your surroundings (Stealth+).
Your rubbery body absorbs attacks. (AC +1, EV +1)
Scrolls take you a little longer to read.
You are somewhat resistant to further mutation.
You are occasionally teleported next to monsters.


Message History

You are yanked forward by the harpoon shot.
Okay, then.
Evoke which item? (* to show all) (? for menu, Esc to quit)
Aiming: Paralyse
Press: ? - help, Shift-Dir - straight line, f/p - Harold
Aim: Harold, wielding a +3 halberd of protection, wearing a +0 scale mail and quivering 4 throwing nets (lightly wounded, covered in liquid flames, chance to affect: 16%)
Okay, then.
Unknown command.
Unknown command.
Casting: Sticky Flame (dangerous; 3% risk of failure)
Confirm with . or Enter, or press ? or * to list all spells.
Okay, then.
Unknown command.
Unknown command.
Okay, then.
Unknown command.
Unknown command.
Harold burns!
Harold hits you from afar with a +3 halberd of protection!
You die...

### ..# #.# #.#
#.# #@# #.#
.....Z@.......#
.....##.###..!.
..(. .># ## ...
### #. # . #.#


You could see Harold (burning).

Vanquished Creatures
  A two-headed ogre (D:8)
  Pikel (D:8)
  Psyche (D:8)
  A centaur skeleton (D:8)
  Grinder (D:3)
  Sigmund (D:2)
  2 orc warriors
  An ice beast (D:6)
  2 sky beasts
  3 phantoms (D:8)
  3 ogres
  3 centaurs
  4 lemures (D:8)
  2 big kobolds
  2 bullfrogs
  A water moccasin zombie (D:5)
  5 scorpions
  A howler monkey (D:6)
  A quasit (D:9)
  A bullfrog zombie (D:8)
  2 hounds
  2 jellies
  3 orc wizards (D:7)
  A bullfrog skeleton (D:4)
  Jessica (D:2)
  3 iguanas
  3 worker ants
  A killer bee zombie (D:8)
  A hound zombie (D:7)
  14 adders
  A white imp (D:8)
  An ufetubus (D:5)
  3 oozes
  4 worms
  A dart slug (D:2)
  3 leopard geckos
  15 orcs
  6 giant cockroaches
  7 goblins
  6 hobgoblins
  11 jackals
  2 quokkas
  A ball python (D:6)
  10 bats
  5 frilled lizards
  13 kobolds
  A quokka skeleton (D:4)
  9 rats
  2 butterflies (D:5)
169 creatures vanquished.

Vanquished Creatures (others)
  485 foxfires
  4 plants (D:1)
489 creatures vanquished.

Grand Total: 658 creatures vanquished

Notes
Turn   | Place    | Note
-------+----------+-------------------------------------------
     0 | D:1      | Conn the Octopode Fire Elementalist began the quest for the
                  | Orb.
     0 | D:1      | Reached XP level 1. HP: 11/11 MP: 3/3
   153 | D:1      | Reached XP level 2. HP: 14/17 MP: 0/5
   962 | D:1      | Reached XP level 3. HP: 21/21 MP: 3/6
  1046 | D:1      | Learned a level 3 spell: Conjure Flame
  1840 | D:2      | Reached XP level 4. HP: 27/27 MP: 3/7
  2159 | D:2      | Noticed Jessica
  2194 | D:2      | Killed Jessica
  2195 | D:2      | Reached XP level 5. HP: 32/32 MP: 7/9
  2304 | D:2      | Noticed Sigmund
  2322 | D:2      | Killed Sigmund
  2323 | D:2      | Reached XP level 6. HP: 37/37 MP: 4/10
  2944 | D:3      | Found a snail-covered altar of Cheibriados.
  2961 | D:3      | Noticed Grinder
  3169 | D:3      | Killed Grinder
  3170 | D:3      | Reached skill level 1 in Fighting
  3170 | D:3      | Reached skill level 5 in Fire Magic
  3170 | D:3      | Reached XP level 7. HP: 26/43 MP: 6/12
  3441 | D:3      | Found an iron altar of Okawaru.
  4035 | D:4      | Learned a level 3 spell: Inner Flame
  4040 | D:4      | Learned a level 4 spell: Sticky Flame
  4455 | D:4      | Reached skill level 1 in Axes
  4749 | D:4      | Found Ycitsesa's Antique Weapon Emporium.
  5233 | D:4      | Reached XP level 8. HP: 48/48 MP: 10/13
  5255 | D:4      | Found a basalt altar of Yredelemnul.
  5265 | D:4      | Found an ancient bone altar of Kikubaaqudgha.
  5266 | D:4      | Found a broken altar of Ashenzari.
  5268 | D:4      | Found an iron altar of Okawaru.
  5270 | D:4      | Found a shimmering blue altar of Sif Muna.
  5467 | D:4      | Became a worshipper of Sif Muna the Loreminder
  5644 | D:5      | Entered Level 5 of the Dungeon
  5720 | D:5      | Found a shimmering altar of Xom.
  5722 | D:5      | Found a shimmering altar of Xom.
  5722 | D:5      | Found a shimmering altar of Xom.
  5723 | D:5      | Found a shimmering altar of Xom.
  5724 | D:5      | Found a shimmering altar of Xom.
  5760 | D:5      | Found a staircase to the Ecumenical Temple.
  5829 | D:5      | Reached skill level 5 in Stealth
  6014 | D:5      | Gained mutation: Scrolls take you a little longer to read.
                  | [potion of mutation]
  6014 | D:5      | Gained mutation: You have a pair of small antennae on your
                  | head. [potion of mutation]
  6015 | D:5      | Lost mutation: You have a pair of small antennae on your
                  | head. [potion of mutation]
  6015 | D:5      | Lost mutation: Scrolls take you a little longer to read.
                  | [potion of mutation]
  6015 | D:5      | Gained mutation: Scrolls take you a little longer to read.
                  | [potion of mutation]
  6015 | D:5      | Gained mutation: You are occasionally teleported next to
                  | monsters. [potion of mutation]
  6015 | D:5      | Gained mutation: You are somewhat resistant to further
                  | mutation. [potion of mutation]
  6383 | D:5      | Found a shimmering altar of Xom.
  6861 | D:6      | Reached skill level 5 in Conjurations
  6958 | D:6      | Got a crude mace
  6963 | D:6      | Identified the +1 mace of Floods {protect, Int+5} (You
                  | found it on level 6 of the Dungeon)
  7964 | D:7      | Found a bloodstained altar of Trog.
  8430 | D:7      | Reached skill level 1 in Throwing
  8508 | D:7      | Reached XP level 9. HP: 48/54 MP: 15/15
  9100 | D:7      | Reached skill level 1 in Staves
  9544 | D:8      | Reached * piety under Sif Muna
  9935 | D:8      | Reached skill level 5 in Spellcasting
 10255 | D:8      | Found an opulent altar of Gozag.
 10256 | D:8      | Found a glowing silver altar of Zin.
 10343 | D:8      | Noticed Psyche
 10503 | D:8      | Killed Psyche
 11092 | D:8      | Reached XP level 10. HP: 14/60 MP: 1/19
 11394 | D:8      | Noticed a two-headed ogre
 11561 | D:8      | Noticed Pikel
 11587 | D:8      | Killed Pikel
 11615 | D:8      | Killed a two-headed ogre
 11788 | D:9      | Found an ornate altar of the Wu Jian Council.
 11788 | D:9      | Found a transporter.
 11798 | D:9      | Noticed a boulder beetle
 11854 | D:9      | Found a transporter.
 11991 | D:9      | Noticed Maggie
 11998 | D:9      | Noticed Maggie
 11998 | D:9      | Maggie changed into Maggie the big kobold
 12007 | D:9      | Killed Maggie the big kobold
 12009 | D:9      | Noticed Harold
 12012 | D:9      | Mangled by Harold

Illustrated notes

Levels and vault maps discovered:
D:1:      dpeg_arrival_tiny_f, layout_basic, serial_forest,
          infiniplex_forest_diagonal, infiniplex_forest_straight_2,
          infiniplex_forest_lined_corner, infiniplex_forest_end_2,
          infiniplex_forest_corner_2, infiniplex_forest_lined_2,
          infiniplex_forest_clump_large
D:2:      layout_loops_ring, uniq_jessica, uniq_sigmund
D:3:      layout_loops_ring, cheibriados_altar_1, okawaru_trees_1, uniq_grinder
D:4:      layout_loops_ring, minitemple, serial_shops,
          nicolae_shop_temple_entry_statues_fountains
D:5:      layout_loops_cross, xom_butterflies,
          minmay_temple_entry_drinking_statues, xom_redecorated
D:6:      layout_basic, kennysheep_generic_room_5
D:7:      layout_basic, bloody_trog
D:8:      layout_loops_ring, grunt_temple_overflow_gold_and_silver, uniq_psyche,
          uniq_pikel
D:9:      layout_basic, gammafunk_temple_overflow_arena, uniq_maggie,
          uniq_harold

Skill      XL: |  1  2  3  4  5  6  7  8  9 10 |
---------------+-------------------------------+-----
Fire Magic     | 4 5 6 7 8 |  8.7
Stealth        | 3 4 5 6 |  6.0
Conjurations   | 3 4 5 7 8 |  8.0
Spellcasting   | 3 4 6 |  6.5
Fighting       | 1 2 |  2.1
Axes           | 1 2 |  2.1
Dodging        | 3 |  3.9
Throwing       | 1 |  1.3
Staves         | 1 |  1.5
Short Blades   | |  0.5
Hexes          | |  0.5
Evocations     | |  0.2

Action                   |  1- 3 |  4- 6 |  7- 9 | 10-12 || total
-------------------------+-------+-------+-------+-------++-------
Melee: Short sword       |    21 |       |       |       ||    21
       Constrict         |     8 |     7 |    17 |       ||    32
       Tentacles         |     5 |     7 |     9 |       ||    21
       Unarmed           |     1 |       |       |       ||     1
       Hand axe          |     2 |    37 |    22 |       ||    61
       Staff             |       |       |    71 |       ||    71
Throw: Dart              |       |     2 |     6 |       ||     8
 Cast: Foxfire           |    47 |    43 |   168 |    26 ||   284
       Conjure Flame     |       |     1 |    12 |     4 ||    17
       Sticky Flame      |       |       |    21 |     4 ||    25
       Inner Flame       |       |       |     1 |       ||     1
Evoke: Wand              |       |     2 |       |     2 ||     4
  Use: Potion            |       |     1 |     5 |       ||     6
       Scroll            |       |     3 |     2 |       ||     5
 Stab: Sleeping          |     1 |     4 |     8 |       ||    13
       Paralysed         |       |     4 |       |       ||     4
Armor: Skin              |     7 |     5 |     6 |       ||    18
Dodge: Dodged            |    33 |    44 |   106 |     1 ||   184

Table legend: (Time is in decaauts)
 A = Elapsed time spent in this place.
 B = Non-inter-level travel time spent in this place.
 C = Inter-level travel time spent in this place.
 D = Time resting spent in this place.
 E = Time spent auto-exploring this place.
 F = Levels seen in this place.
 G = Mean time per level.
                   A        B        C        D        E       F      G
               +--------+--------+--------+--------+--------+-----+--------+
         Total |  12021 |  11572 |    449 |   2403 |   6239 |   9 | 1335.7 |
       Dungeon |  12021 |  11572 |    449 |   2403 |   6239 |   9 | 1335.7 |
               +--------+--------+--------+--------+--------+-----+--------+

Top non-repeatable levels by time:
     D:8: 2304 daAuts
     D:4: 1448 daAuts
     D:2: 1428 daAuts
     D:1: 1413 daAuts
     D:7: 1401 daAuts
     D:3: 1355 daAuts
     D:6: 1336 daAuts
     D:5: 1093 daAuts
     D:9: 239 daAuts
